 Dungeon Crawl Stone Soup version 0.29-a0-284-gf9362112df (webtiles) character file.

Game seed: 4277797357222637216

67 davidthevgamer991 the Skirmisher (level 4, -4/35 HPs)
             Began as a Demonspawn Fighter on Mar 30, 2022.
             Killed from afar by Sigmund (7 damage)
             ... with a magic dart
             ... on level 2 of the Dungeon.
             The game lasted 00:07:50 (1882 turns).

davidthevgamer991 the Skirmisher (DsFi)             Turns: 1882, Time: 00:07:51

Health: -4/35      AC:  8    Str: 19    XL:     4   Next: 0%
Magic:  4/4        EV:  9    Int:  9    God:
Gold:   85         SH:  0    Dex: 12    Spells: 3/3 levels left

rFire   . . .      SeeInvis .   a - +0 long sword
rCold   . . .      Faith    .   c - +0 buckler
rNeg    . . .      Spirit   .   b - +0 scale mail
rPois   .          Reflect  .   (no helmet)
rElec   .          Harm     .   f - +0 cloak
rCorr   .          Rampage  .   (no gloves)
Will    .....                   (no boots)
Stlth   ..........              (no amulet)
HPRegen 0.11/turn               (no ring)
MPRegen 0.09/turn               (no ring)

@: confused, mighty
A: foul stench 2
a: no special abilities


You were on level 2 of the Dungeon.
You visited 1 branch of the dungeon, and saw 2 of its levels.

You collected 85 gold pieces.

Inventory:

Hand Weapons
 a - a +0 long sword (weapon)
 g - a +2 dagger of protection
Armour
 b - a +0 scale mail (worn)
 c - a +0 buckler (worn)
 f - a +0 cloak (worn)
Scrolls
 e - 3 scrolls of teleportation {unknown}
 h - a scroll of enchant armour {unknown}
 j - a scroll of fog {unknown}
 k - a scroll of brand weapon {unknown}
Potions
 i - a potion of magic {unknown}


   Skills:
 + Level 3.4 Fighting
 + Level 2.4 Long Blades
 + Level 3.2 Armour
 + Level 0.2 Dodging
 + Level 0.1 Stealth
 + Level 3.1 Shields


You had 3 spell levels left.
You didn't know any spells.
Your spell library was empty.

Dungeon Overview and Level Annotations

Branches:
Dungeon (2/15)

Altars:

Annotations:
D:2 Sigmund


Innate Abilities, Weirdness & Mutations

You sometimes emit foul miasma when damaged in melee.


Message History

You see here an adder corpse.
Found 13 gold pieces.
You now have 85 gold pieces (gained 13).
Sigmund the Dreaded comes into view.
He is wielding a +0 scythe and carrying a wand of flame (23).
Sigmund shouts!
A kobold comes into view. It is wielding a +0 short sword.
The kobold throws a stone.
The stone hits you but does no damage.
You closely miss the kobold. The kobold hits you but does no damage.
You hit the kobold.
You kill the kobold!
You block Sigmund's attack.
You have reached level 4!
You feel stronger.
Sigmund zaps a wand.
The puff of flame hits you!
You hit Sigmund but do no damage. Sigmund hits you with a +0 scythe!
You hit Sigmund but do no damage. Sigmund barely misses you.
You hit Sigmund but do no damage. Sigmund barely misses you.
You hit Sigmund.
Sigmund is lightly wounded.
You feel very mighty all of a sudden.
Sigmund zaps a wand.
The puff of flame hits you.
You hit Sigmund.
Sigmund is moderately wounded.
Sigmund points at you and mumbles some strange words.
The magic dart hits you!
* * * LOW HITPOINT WARNING * * *
Sigmund zaps a wand.
The puff of flame hits you.
* * * LOW HITPOINT WARNING * * *
You slice Sigmund!!
Sigmund is almost dead.
Sigmund points at you and mumbles some strange words.
You are confused.
You hit Sigmund.
Sigmund is almost dead.
Sigmund barely misses you.
You barely miss Sigmund.
Sigmund is almost dead.
Sigmund casts a spell at you. The magic dart hits you!
You die...

########## ##
#........#### .#
#.######.#..# .###
#.# #..@@# ...#
##.## ###.#..#
##.###.#.#######+#
#..#
#....###†.....#
#..
##.###.#.####### #
.÷.# #.## .### #.#
#.# #.# .># #.#


You could see Sigmund.

Vanquished Creatures
  2 gnolls (D:1)
  An adder (D:2)
  4 bats
  2 endoplasms
  A giant cockroach (D:1)
  4 goblins
  5 hobgoblins
  6 kobolds
  2 quokkas (D:1)
  4 ball pythons (D:1)
  2 frilled lizards
  4 rats
37 creatures vanquished.

Notes
Turn   | Place    | Note
-------+----------+-------------------------------------------
     0 | D:1      | davidthevgamer991 the Demonspawn Fighter began the quest
                  | for the Orb.
     0 | D:1      | Reached XP level 1. HP: 18/18 MP: 1/1
   163 | D:1      | Gained mutation: You may rarely emit foul miasma when
                  | damaged in melee. [demonic ancestry]
   163 | D:1      | Reached XP level 2. HP: 24/24 MP: 2/2
   400 | D:1      | Gained mutation: You sometimes emit foul miasma when
                  | damaged in melee. [demonic ancestry]
   400 | D:1      | Reached XP level 3. HP: 26/29 MP: 3/3
  1866 | D:2      | Noticed Sigmund
  1872 | D:2      | Reached XP level 4. HP: 35/35 MP: 4/4
  1882 | D:2      | Killed from afar by Sigmund

Illustrated notes

Levels and vault maps discovered:
D:1:      saegor_arrival_simple_a, layout_loops_ring, minmay_crystal_water
D:2:      minmay_razor_zed, layout_loops_ring, ebering_ecumenical_altar_hall,
          uniq_robin, uniq_sigmund, uniq_natasha

Skill      XL: |  1  2 |
---------------+-------+-----
Long Blades    | 2 |  2.4
Armour         | 3 |  3.2
Shields        | 3 |  3.1
Fighting       | |  3.4
Dodging        | |  0.2
Stealth        | |  0.1

Action                   |  1- 3 |  4- 6 || total
-------------------------+-------+-------++-------
Melee: Long sword        |   121 |     8 ||   129
  Use: Scroll            |     2 |       ||     2
       Potion            |     1 |     1 ||     2
Armor: Scale mail        |    90 |       ||    90
Dodge: Dodged            |    89 |     3 ||    92
Block: Buckler           |    63 |       ||    63

Table legend: (Time is in decaauts)
 A = Elapsed time spent in this place.
 B = Non-inter-level travel time spent in this place.
 C = Inter-level travel time spent in this place.
 D = Time resting spent in this place.
 E = Time spent auto-exploring this place.
 F = Levels seen in this place.
 G = Mean time per level.
                   A        B        C        D        E       F      G
               +--------+--------+--------+--------+--------+-----+--------+
         Total |   1929 |   1873 |     56 |    816 |      0 |   2 |  964.5 |
       Dungeon |   1929 |   1873 |     56 |    816 |      0 |   2 |  964.5 |
               +--------+--------+--------+--------+--------+-----+--------+

Top non-repeatable levels by time:
     D:1: 1483 daAuts
     D:2: 445 daAuts
